 Dungeon Crawl Stone Soup version 0.26.1-11-gd32895ea62 (webtiles) character file.

Game seed: 708990891558074395

48 nomophobia the Bolt Thrower (level 4, 0/27 HPs)
             Began as a Kobold Hunter on May 18, 2021.
             Slain by an adder (4 damage)
             ... on level 2 of the Dungeon.
             The game lasted 00:18:56 (2366 turns).

nomophobia the Bolt Thrower (Kobold Hunter)         Turns: 2366, Time: 00:18:56

Health: 0/27       AC:  4    Str:  9    XL:     4   Next: 0%
Magic:  4/4        EV: 15    Int: 12    God:
Gold:   19         SH:  0    Dex: 16    Spells: 3/3 levels left

rFire    . . .     SeeInvis .   b - +0 short sword
rCold    . . .     Faith    .   (shield restricted)
rNeg     . . .     Spirit   .   c - +0 leather armour
rPois    .         Reflect  .   (no helmet)
rElec    .         Harm     .   (no cloak)
rCorr    .         Rampage  .   (no gloves)
Will     .....                  k - +0 pair of boots
Stlth    +++.......             (no amulet)
HPRegen  0.09/turn              (no ring)
MPRegen  0.09/turn              (no ring)

@: no status effects
A: small, nightstalker 3
a: no special abilities


You were on level 2 of the Dungeon.
You visited 1 branch of the dungeon, and saw 2 of its levels.

You collected 19 gold pieces.

Inventory:

Hand Weapons
 a - a +1 hand crossbow
 b - a +0 short sword (weapon)
Missiles
 d - 46 bolts
Armour
 c - a +0 leather armour (worn)
 k - a +0 pair of boots (worn)
Wands
 m - a wand of random effects (16)
Scrolls
 e - 2 scrolls of identify
 h - 3 scrolls of remove curse
 j - 3 scrolls of amnesia
Potions
 f - a potion of might {unknown}
 g - a potion of degeneration {unknown}
 i - a potion of curing {unknown}


   Skills:
 + Level 2.7 Fighting
 * Level 1.5 Short Blades
 - Level 4.8 Crossbows
 - Level 2.5 Dodging
 * Level 3.0 Stealth
 - Level 1.3 Unarmed Combat


You had 3 spell levels left.
You didn't know any spells.
Your spell library was empty.

Dungeon Overview and Level Annotations

Branches:
Dungeon (2/15)

Altars:


Innate Abilities, Weirdness & Mutations

You are small and have problems with some larger weapons.
You are completely attuned to the shadows.


Message History

You feel sick. The adder bites you. The gnoll misses you.
The adder closely misses you.
You barely miss the adder.
The adder is heavily wounded.
The gnoll barely misses you. The adder misses you.
You hit the adder but do no damage.
The adder is heavily wounded.
The gnoll hits you from afar with a +0 spear.
* * * LOW HITPOINT WARNING * * *
The adder bites you but does no damage.
You feel sick. The adder closely misses you.
You feel sick. The adder misses you. The adder barely misses you.
There is an open door here.
You feel sick. The adder bites you but does no damage.
You feel sick.
You are no longer poisoned.
The adder bites you.
You die...

.....#.####.........
#...# #.........
#g### #....).(.#
###'## #.........
#....# #.........
#...g# #.........
#....# ######...
#...S# #...@#
+....##############
#....'............#
#....######...###.###
#....# #....'.....†
###'## #....###....
#.######....##.....
#.#................
#.#.####....###.###


You could see a gnoll and an adder.

Vanquished Creatures
  An adder (D:2)
  A worm (D:2)
  2 dart slugs
  A leopard gecko (D:1)
  A ball python (D:1)
  A giant cockroach (D:1)
  4 goblins
  3 hobgoblins (D:1)
  4 jackals (D:2)
  2 kobolds
  5 bats
  A frilled lizard (D:1)
  4 rats
30 creatures vanquished.

Notes
Turn   | Place    | Note
-------+----------+-------------------------------------------
     0 | D:1      | nomophobia the Kobold Hunter began the quest for the Orb.
     0 | D:1      | Reached XP level 1. HP: 12/12 MP: 1/1
   279 | D:1      | Reached XP level 2. HP: 12/18 MP: 2/2
   625 | D:1      | Reached skill level 1 in Unarmed Combat
  1448 | D:1      | Reached XP level 3. HP: 22/22 MP: 3/3
  1705 | D:2      | Reached skill level 1 in Short Blades
  2293 | D:2      | Reached XP level 4. HP: 27/27 MP: 4/4
  2366 | D:2      | Slain by an adder

Illustrated notes

Levels and vault maps discovered:
D:1:      minmay_arrival_wavy_path, layout_basic, minmay_crystal_room
D:2:      layout_basic

Skill      XL: |  1  2  3 |
---------------+----------+-----
Stealth        | 2 3 |  3.0
Unarmed Combat | 1 |  1.3
Short Blades   | 1 |  1.5
Fighting       | |  2.7
Crossbows      | |  4.8
Dodging        | |  2.5

Action                   |  1- 3 |  4- 6 || total
-------------------------+-------+-------++-------
Melee: Short sword       |    87 |     6 ||    93
       Punch             |     1 |     1 ||     2
 Fire: Hand crossbow     |    32 |     2 ||    34
  Use: Scroll            |     6 |       ||     6
Armor: Leather armour    |    28 |     2 ||    30
Dodge: Dodged            |    75 |    12 ||    87
